 Dungeon Crawl Stone Soup version 0.29-a0-459-g97dee8cd24 (webtiles) character file.

Game seed: 15262738686934456741

4839 xian the Thaumaturge (level 10, -6/80 HPs)
             Began as a Purple Draconian Conjurer on May 20, 2022.
             Was an Initiate of Gozag.
             Mangled by Snorg (16 damage)
             ... on level 9 of the Dungeon on May 21, 2022.
             The game lasted 00:51:50 (11175 turns).

xian the Thaumaturge (Purple Draconian Conjurer)   Turns: 11175, Time: 00:51:50

Health: -6/80      AC:  9    Str: 10    XL:     10   Next: 25%
Magic:  13/23      EV: 14    Int: 23    God:    Gozag
Gold:   908        SH:  0    Dex: 13    Spells: 17/27 levels left

rFire   . . .      SeeInvis .   i - +5 dagger of Fixtil {drain, rPois Dex+4}
rCold   + . .      Faith    .   (no shield)
rNeg    . . .      Spirit   .   (body armour unavailable)
rPois   +          Reflect  .   (helmet restricted)
rElec   .          Harm     .   (no cloak)
rCorr   .          Rampage  .   (no gloves)
Will    ++...                   t - +1 pair of boots
Stlth   ++++......              (no amulet)
HPRegen 0.23/turn               l - ring of willpower
MPRegen 0.18/turn               y - ring of Qedahit {rC+ Stlth+}

@: short of breath, very slightly contaminated
A: breathe power, AC +7, unfitting armour, cold-blooded
a: Breathe Dispelling Energy, Renounce Religion, Potion Petition, Call Merchant,
Bribe Branch


You were on level 9 of the Dungeon.
You worshipped Gozag.
Gozag was pleased with you.
You visited 2 branches of the dungeon, and saw 10 of its levels.

You collected 1572 gold pieces.
You paid 664 gold pieces to Gozag.

Inventory:

Hand Weapons
 i - the +5 dagger of Fixtil (weapon) {drain, rPois Dex+4}
   (You found it on level 2 of the Dungeon)

   A truly terrible weapon, it drains the life of any living foe it strikes.
   Dex:       It affects your dexterity (+4).
   rPois:     It protects you from poison.
Missiles
 w - a throwing net
Armour
 t - a +1 pair of boots (worn)
Jewellery
 g - a ring of magical power
 l - a ring of willpower (left hand)
 u - a ring of poison resistance
 y - the ring of Qedahit (right hand) {rC+ Stlth+}
   (You found it on level 6 of the Dungeon)

   [ring of protection from cold]

   rC:        It protects you from cold.
   Stlth:     It makes you more stealthy.
 B - a ring of see invisible
Wands
 n - a wand of flame (24)
 x - a wand of polymorph (4)
Scrolls
 b - 2 scrolls of fear
 c - 2 scrolls of fog {unknown}
 d - 6 scrolls of teleportation
 k - a scroll of summoning {unknown}
 o - a scroll of immolation {unknown}
 p - a scroll of silence {unknown}
 q - 2 scrolls of amnesia {unknown}
 s - 2 scrolls of torment
 z - a scroll of enchant armour {unknown}
 A - a scroll of vulnerability {unknown}
 C - a scroll of identify
Potions
 a - 2 potions of magic
 e - a potion of resistance
 f - 2 potions of brilliance
 h - a potion of heal wounds
 j - 3 potions of might
 m - 4 potions of lignification
 r - 5 potions of curing
 v - a potion of berserk rage {unknown}


   Skills:
 + Level 4.5 Fighting
 + Level 4.5 Short Blades
 + Level 5.9 Dodging
 + Level 5.5 Stealth
 + Level 9.2 Spellcasting
 + Level 8.5 Conjurations


You had 17 spell levels left.
You knew the following spells:

 Your Spells              Type           Power      Damage    Failure   Level
a - Magic Dart            Conj           100%       1d8       1%          1
b - Searing Ray           Conj           98%        2d8       1%          2
c - Iskenderun's Mystic   Conj/Tloc      30%        2d8       11%         4
d - Dazzling Flash        Conj/Hex       60%        N/A       3%          3

Your spell library contained the following spells:

 Spells                   Type           Power      Damage    Failure   Level
 Fulminant Prism          Conj/Hex       15%        3d11      11%         4
 Call Canine Familiar     Summ           10%        N/A       19%         3
 Portal Projectile        Hex/Tloc       20%        N/A       19%         3
 Leda's Liquefaction      Hex/Erth       5%         N/A       52%         4
 Summon Ice Beast         Ice/Summ       10%        N/A       52%         4
 Summon Mana Viper        Hex/Summ       10%        N/A       86%         5
 Monstrous Menagerie      Summ           5%         N/A       100%        7
 Borgnjor's Revivificati  Necr           5%         N/A       100%        8
 Necromutation            Tmut/Necr      5%         N/A       100%        8
 Death's Door             Necr           5%         N/A       100%        9


Dungeon Overview and Level Annotations

Branches:
Dungeon (9/15)             Temple (0/1) D:6             Orc (1/2) D:9
   Lair: D:8-11

Altars:
Cheibriados
Gozag
Ru
Vehumet
Wu Jian
Beogh

Annotations:
D:9 Snorg


Innate Abilities, Weirdness & Mutations

You can breathe bolts of dispelling energy.
Your rich purple scales are hard. (AC +7)
You cannot fit into any form of body armour.
You are cold-blooded and may be slowed by cold attacks.


Message History

Aim: Snorg (53% to hit)
You breathe a bolt of dispelling energy.
The bolt of dispelling energy hits Snorg!
Snorg is lightly wounded.
Casting: Searing Ray (safe; 1% risk of failure)
Confirm with . or Enter, or press ? or * to list all spells.
Aiming: Searing Ray (safe; 1% risk of failure)
Press: ? - help, Shift-Dir - straight line, f/p - Snorg
Aim: Snorg (lightly wounded, 83% to hit)
The searing ray hits Snorg!
Snorg is lightly wounded. (Press . to maintain the ray.)
The searing ray hits Snorg!
Snorg is moderately wounded.
Snorg bites you! Snorg claws you! Snorg claws you.
Casting: Searing Ray (safe; 1% risk of failure)
Confirm with . or Enter, or press ? or * to list all spells.
You miscast Iskenderun's Mystic Blast.
You are very lightly contaminated with residual magic.
Nothing appears to happen.
Snorg barely misses you. Snorg claws you. Snorg misses you.
Casting: Iskenderun's Mystic Blast (dangerous; 11% risk of failure)
Confirm with . or Enter, or press ? or * to list all spells.
You erupt in a blast of force!
The mystic blast hits Snorg.
Snorg is moderately wounded.
Snorg is knocked back by the mystic blast.
Snorg goes berserk!
Unknown command.
Unknown command.
Snorg rages.
There is an open door here.
Snorg barely misses you. Snorg claws you! x2
Okay, then.
You can't see any enemies this would affect, really read the scroll of fear?
Okay, then.
Snorg bites you!!
* * * LOW HITPOINT WARNING * * *
Snorg barely misses you. Snorg claws you!
You die...
Your body crumbles into a pile of gold.

###'#########......# #.# #......#
#.# #####'### . ##.# #...# . #..#
###.# ####' #.##
#######'######....
####'##########.........##.'....
##.........#...T.........'..#....
.'.........#.###@........####....
.#.........'.# #..[......# #....
.#.........### #.........# #....
.#..(......# #.<.......# #....
##.........# #.........# #....
#.........# #.........# ##'##
#################'####### #.#
#......>......#..# #.#
#.....).......##'##### ###'##


You could see Snorg (berserk).

Vanquished Creatures
  A wyvern (D:6)
  Eustachio (D:6)
  2 steam dragons (D:6)
  An acid dragon (D:6)
  3 water moccasins
  2 ice beasts (D:8)
  6 orc warriors
  2 sky beasts
  An ogre (D:6)
  3 centaurs
  4 phantoms
  2 kobold brigands
  3 bullfrogs
  Blork the orc (D:6)
  A scorpion (D:6)
  A gnoll sergeant (D:9)
  2 necrophages
  10 wights
  3 killer bees (D:9)
  A howler monkey (D:7)
  4 hounds
  4 jellies
  9 orc priests
  2 iguanas
  A gnoll shaman (D:5)
  7 orc wizards
  7 gnolls
  8 adders
  A white imp (D:6)
  An ufetubus (D:4)
  A worm (D:3)
  A dart slug (D:2)
  34 orcs
  3 bats
  2 endoplasms
  6 giant cockroaches
  4 goblins
  9 hobgoblins
  5 jackals
  11 kobolds
  A quokka (D:1)
  3 ball pythons
  6 frilled lizards
  6 rats
186 creatures vanquished.

Vanquished Creatures (others)
  10 plants (D:5)
10 creatures vanquished.

Grand Total: 196 creatures vanquished

Notes
Turn   | Place    | Note
-------+----------+-------------------------------------------
     0 | D:1      | xian the Draconian Conjurer began the quest for the Orb.
     0 | D:1      | Reached XP level 1. HP: 14/14 MP: 3/3
   430 | D:1      | Reached XP level 2. HP: 14/20 MP: 1/5
   900 | D:1      | Found a faded altar of an unknown god.
  1030 | D:2      | Identified the +5 dagger of Fixtil {drain, rPois Dex+4}
  1521 | D:2      | Reached XP level 3. HP: 26/26 MP: 3/6
  2339 | D:3      | Reached XP level 4. HP: 18/33 MP: 0/8
  2854 | D:3      | Found a radiant altar of Vehumet.
  2883 | D:3      | Found an opulent altar of Gozag.
  2890 | D:3      | Became a worshipper of Gozag Ym Sagoz the Greedy
  3093 | D:3      | Learned a level 2 spell: Searing Ray
  3098 | D:3      | Learned a level 4 spell: Iskenderun's Mystic Blast
  3121 | D:4      | Reached skill level 3 in Spellcasting
  3121 | D:4      | Reached skill level 5 in Conjurations
  3554 | D:4      | Reached XP level 5. HP: 39/39 MP: 5/9
  4141 | D:5      | Entered Level 5 of the Dungeon
  4197 | D:5      | Reached skill level 1 in Short Blades
  4308 | D:5      | Reached XP level 6. HP: 38/46 MP: 2/11
  4309 | D:5      | Reached skill level 1 in Fighting
  4439 | D:5      | Found a snail-covered altar of Cheibriados.
  4494 | D:5      | Reached skill level 4 in Spellcasting
  4658 | D:5      | Your scales start taking on a rich purple colour.
  4658 | D:5      | Reached skill level 5 in Spellcasting
  4658 | D:5      | Reached XP level 7. HP: 52/52 MP: 4/14
  5223 | D:6      | Noticed Blork the orc
  5236 | D:6      | Killed Blork the orc
  5240 | D:6      | Reached skill level 6 in Spellcasting
  5421 | D:6      | Reached XP level 8. HP: 61/61 MP: 10/17
  6092 | D:6      | Identified the ring of Qedahit {rC+ Stlth+}
  6195 | D:6      | Reached skill level 7 in Spellcasting
  6397 | D:6      | Noticed Eustachio
  6405 | D:6      | Killed Eustachio
  6821 | D:6      | Found a staircase to the Ecumenical Temple.
  6840 | D:6      | Entry
  6889 | D:7      | Reached XP level 9. HP: 69/69 MP: 15/20
  7180 | D:7      | Reached skill level 8 in Spellcasting
  7684 | D:7      | Found an ornate altar of the Wu Jian Council.
  7684 | D:7      | Found a sacrificial altar of Ru.
  7776 | D:7      | Reached skill level 5 in Dodging
  7834 | D:7      | Learned a level 3 spell: Dazzling Flash
  8771 | D:8      | Reached skill level 5 in Stealth
  9618 | D:9      | Reached skill level 9 in Spellcasting
  9964 | D:9      | Reached XP level 10. HP: 52/78 MP: 19/23
 10194 | D:9      | Found a staircase to the Orcish Mines.
 10540 | Orc:1    | Entered Level 1 of the Orcish Mines
 10540 | Orc:1    | Noticed Snorg
 11175 | D:9      | Mangled by Snorg

Illustrated notes

.# #.# ###......# #....##### .#
#.# #..############## .# #.#
#..#8........ ## #.# #..#$.|.⌠.⌠.
.######.###..#..>....
.............#....⌠.⌠ ########
....###.###..# ... #....).)
......#.########### #.######
.........## #.@.# #.# #
......#.#.# #...# #.# #
#.......#.# #...# #.# #
##......#.# #...# #.# .........##
#...# ######.###### ..........#
#...###...##..)...#
##.#..#.#.#####...##.###.######.#
##.#..#...................#####.#
..........................##.....


Turn 6840 on D:6: Entry

Levels and vault maps discovered:
D:1:      dpeg_arrival_pond, layout_basic, ebering_ecumenical_altar_rust,
          hex_intersection
D:2:      layout_loops_corners
D:3:      minmay_evil_eye, layout_loops_ring, mainiacjoe_overflow_two_lobes
D:4:      layout_gridville
D:5:      layout_basic, mainiacjoe_overflow_six_doors_small,
          nicolae_grassy_gnolls
D:6:      layout_loops_cross, minmay_temple_entry_from_below_b, st_stairs_7,
          eino_tiny_chamber, uniq_blork_the_orc, uniq_eustachio
D:7:      layout_loops_corners, gammafunk_temple_overflow_statue
D:8:      layout_gridville, bh_walls_and_bars
D:9:      layout_roguey, david_orc_5
Orc:1:    layout_caves, library_closet, uniq_snorg

Skill      XL: |  1  2  3  4  5  6  7  8  9 |
---------------+----------------------------+-----
Dodging        | 2 4 5 |  5.9
Stealth        | 2 3 4 5 |  5.5
Spellcasting   | 3 5 6 7 9 |  9.2
Conjurations   | 5 6 7 8 |  8.5
Short Blades   | 1 2 3 4 |  4.5
Fighting       | 1 2 3 4 |  4.5

Action                   |  1- 3 |  4- 6 |  7- 9 | 10-12 || total
-------------------------+-------+-------+-------+-------++-------
Melee: Dagger            |    34 |    16 |    85 |    28 ||   163
       Tailslap          |     5 |       |    10 |     4 ||    19
       Punch             |     1 |       |       |       ||     1
 Cast: Magic Dart        |    68 |    45 |    35 |    13 ||   161
       Searing Ray       |       |     8 |    40 |    12 ||    60
       Iskenderun's Myst |       |       |       |     2 ||     2
Invok: Potion Petition   |       |       |       |     1 ||     1
 Abil: Breathe Dispellin |       |       |    22 |     7 ||    29
  Use: Scroll            |       |       |     9 |     1 ||    10
       Potion            |       |       |     1 |     2 ||     3
 Stab: Sleeping          |       |       |     5 |     1 ||     6
Armor: Skin              |    14 |    10 |    39 |    25 ||    88
Dodge: Dodged            |    16 |    24 |    94 |    53 ||   187

Table legend: (Time is in decaauts)
 A = Elapsed time spent in this place.
 B = Non-inter-level travel time spent in this place.
 C = Inter-level travel time spent in this place.
 D = Time resting spent in this place.
 E = Time spent auto-exploring this place.
 F = Levels seen in this place.
 G = Mean time per level.
                   A        B        C        D        E       F      G
               +--------+--------+--------+--------+--------+-----+--------+
         Total |  11133 |  10922 |    211 |   1029 |   7733 |  10 | 1113.3 |
       Dungeon |  11132 |  10921 |    211 |   1029 |   7733 |   9 | 1236.9 |
  Orcish Mines |      1 |      1 |      0 |      0 |      0 |   1 |    1.0 |
               +--------+--------+--------+--------+--------+-----+--------+

Top non-repeatable levels by time:
     D:9: 1702 daAuts
     D:6: 1681 daAuts
     D:8: 1320 daAuts
     D:7: 1249 daAuts
     D:2: 1104 daAuts
     D:4: 1041 daAuts
     D:5: 1038 daAuts
     D:1: 1003 daAuts
     D:3: 990 daAuts
   Orc:1: 1 daAuts
